 Dungeon Crawl Stone Soup version 0.22-a0-422-g9628fc8 (webtiles) character file.

21 4thArraOfDagon the Firebug (level 2, 0/15 HPs)
             Began as a Tengu Fire Elementalist on May 16, 2018.
             Slain by a kobold
             ... wielding a cursed -1 short sword
              (6 damage)
             ... on level 3 of the Dungeon.
             The game lasted 00:01:22 (222 turns).

4thArraOfDagon the Firebug (Tengu Fire Elementalist) Turns: 222, Time: 00:01:23

Health: 0/15       AC:  3    Str:  8    XL:     2   Next: 87%
Magic:  0/6        EV: 12    Int: 15    God:
Gold:   12         SH:  0    Dex: 14    Spells: 4/5 levels left

rFire    . . .     SeeInvis .   (no weapon)
rCold    . . .     Gourm    .   (no shield)
rNeg     . . .     Faith    .   a - +0 robe
rPois    .         Spirit   .   (helmet restricted)
rElec    .         Reflect  .   (no cloak)
rCorr    .         Harm     .   e - +0 pair of gloves
MR       .....                  (boots unavailable)
Stlth    ++........             (no amulet)
HPRegen  0.05/turn              (no ring)
MPRegen  0.10/turn              (no ring)

@: very slightly contaminated
A: beak, talons 3
a: no special abilities


You were on level 3 of the Dungeon.
You were not hungry.

You visited 1 branch of the dungeon, and saw 3 of its levels.

You collected 12 gold pieces.

Inventory:

Armour
 a - a +0 robe (worn)
 e - a +0 pair of gloves (worn)
Scrolls
 b - 2 scrolls of magic mapping {unknown}
 d - a scroll of remove curse {unknown}
Comestibles
 c - 2 rations


   Skills:
 - Level 2.1 Dodging
 - Level 2.0 Stealth
 + Level 2.2 Spellcasting
 * Level 2.5 Conjurations
 * Level 3.7 Fire Magic


You had 4 spell levels left.
You knew the following spells:

 Your Spells              Type           Power        Failure   Level  Hunger
a - Flame Tongue          Conj/Fire      ##...        6%          1    #......

Your spell library contained the following spells:

 Spells                   Type           Power        Failure   Level  Hunger
 Fireball                 Conj/Fire      ##........   86%         5    ######.
 Conjure Flame            Conj/Fire      ##......     19%         3    ###....
 Throw Flame              Conj/Fire      ##....       9%          2    ###....
 Sticky Flame             Conj/Fire      ##......     52%         4    #####..
 Inner Flame              Hex/Fire       #.......     30%         3    ###....


Dungeon Overview and Level Annotations

Branches:
Dungeon (3/15)

Altars:

Annotations:
D:2 Terence


Innate Abilities, Weirdness & Mutations

You have a beak for a mouth.
You have claws for feet.


Message History

Aiming: Flame Tongue (safe; 6% risk of failure)
Press: ? - help, Shift-Dir - straight line, f/p - kobold
Aim: a kobold, wielding a short sword (severely wounded)
The flame tongue misses the kobold.
The kobold hits you with a short sword. The kobold hits you with a short sword.
Casting: Flame Tongue (safe; 6% risk of failure)
Confirm with . or Enter, or press ? or * to list all spells.
Aiming: Flame Tongue (safe; 6% risk of failure)
Press: ? - help, Shift-Dir - straight line, f/p - kobold
Aim: a kobold, wielding a short sword (heavily wounded)
You miscast Flame Tongue.
You are very lightly contaminated with residual magic.
The air around you burns with energy! The kobold hits you but does no damage.
Unknown command.
The kobold barely misses you.
Unknown command.
Unknown command.
The kobold hits you with a short sword.
You die...

######......#
............#
............#
............#
............#
............#
............#
######......###
#.....@..#
#....K...#
###......#
#......#
#......#
#......#
....#### .....#
...(..#


You could see a kobold.

Vanquished Creatures
  An adder (D:2)
  2 leopard geckos (D:1)
  An orc (D:3)
  A hobgoblin (D:1)
  A bat (D:1)
  A goblin (D:2)
  5 rats
12 creatures vanquished.

Notes
Turn   | Place    | Note
-------+----------+-------------------------------------------
     0 | D:1      | 4thArraOfDagon the Tengu Fire Elementalist began the quest for the Orb.
     0 | D:1      | Reached XP level 1. HP: 10/10 MP: 4/4
    61 | D:2      | Reached XP level 2. HP: 15/15 MP: 4/6
   129 | D:2      | Noticed Terence
   222 | D:3      | Slain by a kobold

Vault maps used:
D:1:      scummos_arrival_forest
D:2:      uniq_terence, uniq_natasha
D:3:      nicolae_overflow_hidden_temple, first_ration, uniq_crazy_yiuf_cottage

Skill      XL: |  1 |
---------------+----+-----
Conjurations   | 2 |  2.5
Dodging        | |  2.1
Stealth        | |  2.0
Spellcasting   | |  2.2
Fire Magic     | |  3.7

Action                   || total
-------------------------++-------
Melee: Unarmed           ||     2
       Kick              ||     2
 Cast: Flame Tongue      ||    23
Armor: Robe              ||     4
Dodge: Dodged            ||    11

Table legend:
 A = Spawn XP
 B = Non-spawn XP
 C = Spawn XP percentage of total XP
 D = Spawn monster count
 E = Non-spawn monster count
 F = Spawn count percentage of total count
 G = Total turns spent on level
                    A         B        C        D         E        F      G
               +---------+---------+-------+---------+---------+-------+---------
         Total |       0 |      31 |   0.0 |       0 |      12 |   0.0 |   222
               +---------+---------+-------+---------+---------+-------+---------
           D:1 |       0 |       9 |   0.0 |       0 |       4 |   0.0 |    60
           D:2 |       0 |      15 |   0.0 |       0 |       3 |   0.0 |    74
           D:3 |       0 |       7 |   0.0 |       0 |       5 |   0.0 |    88
               +---------+---------+-------+---------+---------+-------+---------
